 Dungeon Crawl Stone Soup version 0.23-a0-182-g58cdd98 (webtiles) character file.

62 iamserjio the Skirmisher (level 3, -8/34 HPs)
             Began as a Draconian Wanderer on Sept 20, 2018.
             Mangled by Sigmund
             ... wielding a cursed +0 scythe
              (11 damage)
             ... on level 2 of the Dungeon.
             The game lasted 00:01:52 (1348 turns).

iamserjio the Skirmisher (Draconian Wanderer)       Turns: 1348, Time: 00:01:52

Health: -8/34      AC:  5    Str: 11 (14) XL:     3   Next: 85%
Magic:  3/3        EV: 11    Int:  9 (12) God:
Gold:   81         SH:  0    Dex: 10 (11) Spells: 2/2 levels left

rFire    + . .     SeeInvis .   d - +0 short sword (venom)
rCold    + . .     Gourm    .   (no shield)
rNeg     . . .     Faith    .   (armour unavailable)
rPois    +         Spirit   .   (helmet restricted)
rElec    +         Reflect  .   (no cloak)
rCorr    +         Harm     .   (no gloves)
MR       .....                  (no boots)
Stlth    +.........             (no amulet)
HPRegen  0.11/turn              (no ring)
MPRegen  0.08/turn              (no ring)

@: resistant
A: unfitting armour, cold-blooded, AC +5
a: no special abilities


You were on level 2 of the Dungeon.
You were not hungry.

You visited 1 branch of the dungeon, and saw 2 of its levels.

You collected 81 gold pieces.

Inventory:

Hand Weapons
 a - a +2 mace
 d - a +0 short sword of venom (weapon)
Armour
 i - a +2 hat
Jewellery
 j - an uncursed ring of protection from magic {unknown}
Scrolls
 b - 3 scrolls of teleportation
 f - a scroll of enchant armour {unknown}
 h - 3 scrolls of identify {unknown}
 m - a scroll of remove curse {unknown}
Potions
 g - a potion of might {unknown}
 k - a potion of lignification {unknown}
 l - a potion of degeneration
Comestibles
 c - 4 rations


   Skills:
 - Level 4.3 Fighting
 - Level 3.0(3.1) Maces & Flails
   Level 1.0(2.1) Staves
 - Level 1.0 Throwing
 * Level 3.5 Unarmed Combat
   Level 1.0 Evocations


You had 2 spell levels left.
You didn't know any spells.
Your spell library was empty.

Dungeon Overview and Level Annotations

Branches:
Dungeon (2/15)

Altars:

Annotations:
D:2 Sigmund


Innate Abilities, Weirdness & Mutations

Your plain brown scales are hard. (AC +5)
You cannot fit into any form of body armour.
You are cold-blooded and may be slowed by cold attacks.


Message History

The adder hisses angrily.
Sigmund barely misses you.
You hit Sigmund. Sigmund hits you with a scythe!
Sigmund casts a spell.
Sigmund flickers and vanishes!
Deactivating autopickup; reactivate with Ctrl-A.
The adder misses you.
You hit the adder but do no damage.
The adder is poisoned.
The adder bites you. The adder closely misses you.
You hit the adder but do no damage.
The adder looks as sick as possible!
Something hits you!
* * * LOW HITPOINT WARNING * * *
The adder barely misses you. The adder bites you.
* * * LOW HITPOINT WARNING * * *
It was a potion of resistance.
You feel protected.
You kill the adder!
Something hits you!
You die...

#.........#
#.######..# #.#
#..#
###.######..#####
#.................
#.#.######...#####
##.#.# .....#
##..#.######...##
##...#..@......##
##.....########.#
#.......# .#
##.....## +#
##...## ##†##
#..## #...#
#.......'.@


There were no monsters in sight!

Vanquished Creatures
  3 adders (D:2)
  2 oozes (D:1)
  A leopard gecko (D:1)
  A bat (D:1)
  3 giant cockroaches (D:1)
  3 goblins (D:1)
  5 hobgoblins
  A quokka (D:2)
  2 frilled lizards (D:1)
  3 kobolds (D:1)
  A rat (D:2)
25 creatures vanquished.

Notes
Turn   | Place    | Note
-------+----------+-------------------------------------------
     0 | D:1      | iamserjio the Draconian Wanderer began the quest for the
                  | Orb.
     0 | D:1      | iamserjio set off with: a +2 mace, 2 scrolls of
                  | teleportation, a ration
     0 | D:1      | Reached XP level 1. HP: 22/22 MP: 1/1
    90 | D:1      | Reached skill level 1 in Unarmed Combat
    97 | D:1      | Reached XP level 2. HP: 21/28 MP: 2/2
   571 | D:1      | Reached XP level 3. HP: 23/34 MP: 3/3
  1322 | D:2      | Noticed Sigmund
  1348 | D:2      | Mangled by Sigmund

Vault maps used:
D:1:      enne_arrival_octagon_isle, minmay_quantized
D:2:      grunt_dithmenos_smoke_and_mirrors, first_ration, uniq_sigmund,
          uniq_crazy_yiuf_cottage

Skill      XL: |  1  2  3 |
---------------+----------+-----
Unarmed Combat | 1 2 3 |  3.5
Fighting       | |  4.3
Maces & Flails | |  3.0
Staves         | |  1.0
Throwing       | |  1.0
Evocations     | |  1.0

Action                   || total
-------------------------++-------
Melee: Mace              ||    66
       Tailslap          ||    10
       Short sword       ||     4
  Use: Potion            ||     2
  Eat: Chunk             ||     1
Armor: Skin              ||    14
Dodge: Dodged            ||    44

Table legend:
 A = Non-vault XP
 B = Vault XP
 C = Vault XP percentage of total XP
 D = Non-vault monster count
 E = Vault monster count
 F = Vault count percentage of total count
                 A         B        C        D         E       F
            +---------+---------+-------+---------+---------+-------
      Total |      84 |       5 |   5.6 |      21 |       4 |  16.0
            +---------+---------+-------+---------+---------+-------
        D:1 |      37 |       5 |  11.9 |      14 |       4 |  22.2
        D:2 |      47 |       0 |   0.0 |       7 |       0 |   0.0
            +---------+---------+-------+---------+---------+-------
